Blues vs Bruins (R1)

Created - March 12, 2019 at 19:44

Goals
1 2 3 T
Blues 3 1 1 5
Bruins 0 1 1 2
Shots
1 2 3 T
Blues 6 16 9 31
Bruins 7 10 10 27

1st period

1. Blues , Cody Ceci 1 (Sergei Shirokov 29, Travis Zajac 20) at 1:37
2. Blues , Kyle Okposo 19 (Nicklas Backstrom 55) at 1:41 (PP)
3. Blues , Brandon Yip 8 (Maxim Lapierre 10) at 10:03

Penalties :
Nathan Horton (Bos) for Tripping (Minor) at 1:40, Viktor Stalberg (Bos) for Elbowing (Minor) at 4:45, Logan Couture (STL) for Hooking (Minor) at 16:13

2nd period

4. Blues , Alex Pietrangelo 15 (Sergei Shirokov 30, Jake Gardiner 29) at 16:42 (PP)
5. Bruins , T.J Galiardi 9 (Henrik Sedin 52, Nathan Horton 21) at 18:49 (PP)

Penalties :
Andrew Alberts (Bos) for Hooking (Minor) at 1:23, Sergei Shirokov (STL) for Goalie Interference (Minor) at 9:14, Wojtek Wolski (Bos) for Slashing (Minor) at 16:28, David Perron (STL) for Tripping (Minor) at 18:35

3rd period

6. Blues , David Perron 31 (Nicklas Backstrom 56, Kyle Okposo 18) at 6:21
7. Bruins , Viktor Stalberg 8 (Dave Bolland 12) at 10:38

Penalties :
Nicklas Backstrom (STL) for Hooking (Minor) at 0:03, Kyle Okposo (STL) for Hooking (Minor) at 10:41, Victor Oreskovich (Bos) for Hooking (Minor) at 16:32

Goalie Stats

Carey Price (STL), 25 saves from 27 shots - (0.926), W, 23-22-2, 60:00 minutes
Craig Anderson (Bos), 11 saves from 12 shots - (0.917), 23:18 minutes
Kevin Poulin (Bos), 15 saves from 19 shots - (0.789), L, 20-27-4, 36:42 minutes

Players Stats for Blues

Player Name              G  A  P  +/- PIM S  H  SB GA TA FO     MP     PP MP  PK MP  
------------------------------------------------------------------------------------
Alex Pietrangelo         1  0  1   0  0   8  0  2  0  2  0/0    27:10   4:07   4:53 
Brandon Yip              1  0  1   1  0   1  1  0  0  0  0/1     7:41   0:00   0:00 
Bryce Lampman            0  0  0   0  0   0  0  1  1  0  0/0    26:59   2:05   4:53 
Cody Ceci                1  0  1   2  0   1  0  1  0  2  0/0    11:32   0:00   0:00 
David Perron             1  0  1   1  2   4  2  0  2  0  0/0    21:47   3:25   2:11 
Filip Forsberg           0  0  0   0  0   1  0  0  1  1  0/1    12:13   2:47   0:12 
Jake Gardiner            0  1  1   0  0   1  0  0  0  1  0/0    22:54   4:07   3:17 
Kyle Okposo              1  1  2   1  2   2  1  0  1  0  0/2    19:34   3:25   0:00 
Linus Omark              0  0  0   1  0   3  1  0  0  0  0/0     7:41   0:00   0:00 
Logan Couture            0  0  0   0  2   0  1  1  1  1  1/8    12:43   0:00   3:09 
Maxim Lapierre           0  1  1   1  0   0  3  1  1  1  0/1     8:32   0:00   0:59 
Nick Leddy               0  0  0   2  0   1  1  0  0  0  0/0    13:39   2:05   0:00 
Nicklas Backstrom        0  2  2   1  2   1  1  0  0  0  20/34  21:40   3:25   2:01 
Patrick Kaleta           0  0  0   0  0   3  1  0  0  1  0/0    12:49   0:00   3:56 
Sergei Shirokov          0  2  2   0  2   1  2  0  1  0  0/0    15:20   2:47   0:00 
Ted Purcell              0  0  0   0  0   1  2  0  0  0  0/0    14:22   0:00   1:51 
Travis Zajac             0  1  1   0  0   3  1  0  0  0  8/14   17:23   2:47   2:01 
Yann Sauvé               0  0  0   0  0   0  2  0  0  0  0/0    17:46   0:00   3:17 

Players Stats for Bruins

Player Name              G  A  P  +/- PIM S  H  SB GA TA FO     MP     PP MP  PK MP  
------------------------------------------------------------------------------------
Andrew Alberts           0  0  0  -1  2   0  0  1  0  0  0/0    12:59   0:33   1:40 
Brendan Smith            0  0  0   1  0   1  0  9  0  1  0/0    25:20   4:27   3:25 
Casey Cizikas            0  0  0   0  0   2  0  0  0  0  0/0     7:41   0:00   0:03 
Dave Bolland             0  1  1   1  0   1  1  0  3  0  0/3    11:55   0:06   1:41 
Henrik Sedin             0  1  1  -2  0   1  4  2  0  0  18/34  23:39   4:40   3:15 
Jason Demers             0  0  0   1  0   0  0  1  0  0  0/0    25:03   3:10   3:25 
Kevin Bieksa             0  0  0  -1  0   1  1  1  1  0  0/0    15:59   5:00   0:00 
Kris Chucko              0  0  0   0  0   0  0  1  0  0  1/1     8:54   0:06   0:57 
Nathan Horton            0  1  1  -1  2   1  1  0  1  0  1/1    18:26   4:40   1:41 
Nikolai Zherdev          0  0  0   0  0   2  0  0  0  1  0/0     7:47   0:06   0:00 
Pierre-Marc Bouchard     0  0  0  -1  0   2  0  1  0  1  7/15   15:28   3:24   0:00 
Rene Bourque             0  0  0   1  0   3  2  0  0  0  0/1    11:31   0:00   1:33 
Shane O'Brien            0  0  0  -2  0   0  1  3  0  1  0/0    18:34   0:00   2:47 
T.J Galiardi             1  0  1  -1  0   4  2  0  1  1  0/0    16:46   4:40   0:00 
Torey Krug               0  0  0  -2  0   1  2  2  0  0  0/0    22:10   3:10   1:07 
Victor Oreskovich        0  0  0  -2  2   2  1  1  1  1  1/2    19:10   3:24   0:00 
Viktor Stalberg          1  0  1   1  2   2  0  0  0  0  1/1    12:39   3:24   0:00 
Wojtek Wolski            0  0  0  -2  2   4  2  3  2  2  3/3    19:42   0:00   3:14 

3 Stars

1 - Cody Ceci (STL)
2 - Kyle Okposo (STL)
3 - Brandon Yip (STL)

Power Play

Blues - 2 on 5 Attempt(s) - 40.00%
Bruins - 1 on 5 Attempt(s) - 20.00%

Penalty Kill

Blues - 4 on 5 Attempt(s) - 80.00% - Score 0 goal in Penalty Kill
Bruins - 3 on 5 Attempt(s) - 60.00% - Score 0 goal in Penalty Kill

Team Stat

Blues - Hits : 19 - Faceoff Wins : 29 - Blocked Shots : 6 - Penalty Minutes : 10
Bruins - Hits : 17 - Faceoff Wins : 32 - Blocked Shots : 25 - Penalty Minutes : 10

Official

Referees : Unknown
Linesman : Unknown

Game Notes

Craig Anderson enters game at 16:42 of 2nd period

Finance

Level 1 -- Attendance: 3933 (65.55%) -- Ticket Income $409,032
Level 2 -- Attendance: 3315 (66.30%) -- Ticket Income $212,160
Level 3 -- Attendance: 1841 (92.05%) -- Ticket Income $62,594
Level 4 -- Attendance: 3961 (99.03%) -- Ticket Income $95,064
Luxury Box -- Attendance: 657 (65.70%) -- Ticket Income $127,458
Game was played at the TD Banknorth Garden.
Total Attendance: 13707 (76.15%)
Total Ticket Income: $906,308
Other Income: $135,946
Total Income: $1,042,254

Blues

5 vs 5 Forward 
   Center                   Left Wing                Right Wing               Time % Phy DF OF 
 1 Nicklas Backstrom        David Perron             Kyle Okposo              40     1   2  2  
 2 Travis Zajac             Ted Purcell              Sergei Shirokov          30     1   2  2  
 3 Logan Couture            Filip Forsberg           Patrick Kaleta           20     1   2  2  
 4 Maxim Lapierre           Linus Omark              Brandon Yip              10     1   2  2  

5 vs 5 Defense 
   Defense                  Defense                                           Time % Phy DF OF 
 1 Alex Pietrangelo         Bryce Lampman                                     40     1   2  2  
 2 Jake Gardiner            Yann Sauvé                                        30     1   2  2  
 3 Nick Leddy               Cody Ceci                                         20     1   2  2  
 4 Jake Gardiner            Bryce Lampman                                     10     1   2  2  

PowerPlay Forward 
   Center                   Left Wing                Right Wing               Time % Phy DF OF 
 1 Nicklas Backstrom        David Perron             Kyle Okposo              60     1   2  2  
 2 Travis Zajac             Filip Forsberg           Sergei Shirokov          40     1   2  2  

PowerPlay Defense
   Defense                  Defense                                           Time % Phy DF OF 
 1 Alex Pietrangelo         Jake Gardiner                                     60     1   2  2  
 2 Nick Leddy               Bryce Lampman                                     40     1   2  2  

Penalty Kill 4 Players Forward 
   Center                   Wing                     Time % Phy DF OF 
 1 Logan Couture            Patrick Kaleta           60     1   2  2  
 2 Travis Zajac             Ted Purcell              40     1   2  2  

Penalty Kill 4 Players Defense
   Defense                  Defense                  Time % Phy DF OF 
 1 Alex Pietrangelo         Bryce Lampman            60     1   2  2  
 2 Jake Gardiner            Yann Sauvé               40     1   2  2  

Penalty Kill - 3 Players Forward 
   Forward                                           Time % Phy DF OF 
 1 Maxim Lapierre                                    60     1   2  2  
 2 Logan Couture                                     40     1   2  2  

Penalty Kill - 3 Players Defense
   Defense                  Defense                  Time % Phy DF OF 
 1 Alex Pietrangelo         Bryce Lampman            60     1   2  2  
 2 Jake Gardiner            Yann Sauvé               40     1   2  2  

4 vs 4 Forward 
   Center                   Wing                     Time % Phy DF OF 
 1 Nicklas Backstrom        David Perron             60     1   2  2  
 2 Travis Zajac             Kyle Okposo              40     1   2  2  

4 vs 4 Defense
   Defense                  Defense                  Time % Phy DF OF 
 1 Alex Pietrangelo         Bryce Lampman            60     1   2  2  
 2 Jake Gardiner            Yann Sauvé               40     1   2  2  

Last Minutes Offensive
   Center                   Left Wing                Right Wing               Defense                  Defense                  
   Nicklas Backstrom        David Perron             Kyle Okposo              Alex Pietrangelo         Jake Gardiner            

Last Minutes Defensive
   Center                   Left Wing                Right Wing               Defense                  Defense                  
   Travis Zajac             Ted Purcell              Patrick Kaleta           Alex Pietrangelo         Bryce Lampman            

Goaltenders
Starting : Carey Price              
Backup : Ray Emery                

Extra Forwards
Normal : Logan Couture, Brandon Yip, Patrick Kaleta - PP : Logan Couture, Brandon Yip - PK : Patrick Kaleta
Extra Defensemen
Normal : Nick Leddy, Cody Ceci, Jake Gardiner - PP : Nick Leddy - PK : Cody Ceci, Jake Gardiner
Penalty Shots
David Perron, Ted Purcell, Nicklas Backstrom, Logan Couture, Linus Omark

Scratches
Matthew Spiller (Healthy)

Bruins

5 vs 5 Forward 
   Center                   Left Wing                Right Wing               Time % Phy DF OF 
 1 Henrik Sedin             Wojtek Wolski            Victor Oreskovich        45     0   2  3  
 2 Pierre-Marc Bouchard     T.J Galiardi             Nathan Horton            33     0   2  3  
 3 Dave Bolland             Viktor Stalberg          Rene Bourque             21     1   2  2  
 4 Casey Cizikas            Kris Chucko              Nikolai Zherdev          1      1   2  2  

5 vs 5 Defense 
   Defense                  Defense                                           Time % Phy DF OF 
 1 Jason Demers             Brendan Smith                                     40     1   2  2  
 2 Shane O'Brien            Torey Krug                                        30     1   2  2  
 3 Kevin Bieksa             Andrew Alberts                                    20     1   2  2  
 4 Jason Demers             Torey Krug                                        10     1   2  2  

PowerPlay Forward 
   Center                   Left Wing                Right Wing               Time % Phy DF OF 
 1 Henrik Sedin             T.J Galiardi             Nathan Horton            60     0   2  3  
 2 Pierre-Marc Bouchard     Viktor Stalberg          Victor Oreskovich        40     0   2  3  

PowerPlay Defense
   Defense                  Defense                                           Time % Phy DF OF 
 1 Brendan Smith            Kevin Bieksa                                      60     0   2  3  
 2 Torey Krug               Jason Demers                                      40     0   2  3  

Penalty Kill 4 Players Forward 
   Center                   Wing                     Time % Phy DF OF 
 1 Henrik Sedin             Wojtek Wolski            60     0   3  2  
 2 Dave Bolland             Nathan Horton            40     0   3  2  

Penalty Kill 4 Players Defense
   Defense                  Defense                  Time % Phy DF OF 
 1 Jason Demers             Brendan Smith            60     0   3  2  
 2 Shane O'Brien            Andrew Alberts           40     0   3  2  

Penalty Kill - 3 Players Forward 
   Forward                                           Time % Phy DF OF 
 1 Wojtek Wolski                                     60     0   4  1  
 2 Nathan Horton                                     40     0   4  1  

Penalty Kill - 3 Players Defense
   Defense                  Defense                  Time % Phy DF OF 
 1 Jason Demers             Brendan Smith            60     0   5  0  
 2 Shane O'Brien            Andrew Alberts           40     0   5  0  

4 vs 4 Forward 
   Center                   Wing                     Time % Phy DF OF 
 1 Henrik Sedin             Wojtek Wolski            60     1   2  2  
 2 Nathan Horton            Victor Oreskovich        40     1   2  2  

4 vs 4 Defense
   Defense                  Defense                  Time % Phy DF OF 
 1 Jason Demers             Shane O'Brien            60     1   2  2  
 2 Shane O'Brien            Torey Krug               40     1   2  2  

Last Minutes Offensive
   Center                   Left Wing                Right Wing               Defense                  Defense                  
   Henrik Sedin             Wojtek Wolski            Victor Oreskovich        Kevin Bieksa             Torey Krug               

Last Minutes Defensive
   Center                   Left Wing                Right Wing               Defense                  Defense                  
   Henrik Sedin             Wojtek Wolski            Nathan Horton            Jason Demers             Brendan Smith            

Goaltenders
Starting : Kevin Poulin             
Backup : Craig Anderson           

Extra Forwards
Normal : Nathan Horton, Wojtek Wolski, Casey Cizikas - PP : Pierre-Marc Bouchard, Dave Bolland - PK : Rene Bourque
Extra Defensemen
Normal : Torey Krug, Andrew Alberts, Jason Demers - PP : Kevin Bieksa - PK : Torey Krug, Shane O'Brien
Penalty Shots
Nathan Horton, Viktor Stalberg, Wojtek Wolski, Nikolai Zherdev, Rene Bourque

Scratches
None


% Time on Ice - Blues

Lines # - Real PCT - Wanted PCT - Time Play
Normal Forward
1 - 36% - 40% - 16:29
2 - 28% - 30% - 12:35
3 - 19% - 20% - 8:53
4 - 17% - 10% - 7:41
Normal Defense
1 - 40% - 40% - 18:10
2 - 33% - 30% - 15:02
3 - 24% - 20% - 11:01
4 - 3% - 10% - 1:25
PP Forward
1 - 55% - 60% - 3:25
2 - 45% - 40% - 2:47
PP Defense
1 - 66% - 60% - 4:07
2 - 34% - 40% - 2:05
PK Forward
1 - 77% - 60% - 6:19
2 - 23% - 40% - 1:51
PK Defense
1 - 60% - 60% - 4:53
2 - 40% - 40% - 3:17
PK3 Forward
1 - 0% - 60%
2 - 0% - 40%
PK3 Defense
1 - 0% - 60%
2 - 0% - 40%
44 Forward
1 - 0% - 60%
2 - 0% - 40%
44 Defense
1 - 0% - 60%
2 - 0% - 40%
Last Minute Offensive  - 0:00
Last Minute Defensive  - 0:00
Total
Forward - 60:00
Defense - 60:00

% Time on Ice - Bruins

Lines # - Real PCT - Wanted PCT - Time Play
Normal Forward
1 - 36% - 45% - 16:13
2 - 26% - 33% - 12:04
3 - 22% - 21% - 9:54
4 - 16% - 1% - 7:27
Normal Defense
1 - 37% - 40% - 17:04
2 - 35% - 30% - 16:04
3 - 22% - 20% - 10:03
4 - 5% - 10% - 2:27
PP Forward
1 - 58% - 60% - 4:46
2 - 42% - 40% - 3:24
PP Defense
1 - 61% - 60% - 5:00
2 - 39% - 40% - 3:10
PK Forward
1 - 73% - 60% - 4:31
2 - 27% - 40% - 1:41
PK Defense
1 - 55% - 60% - 3:25
2 - 45% - 40% - 2:47
PK3 Forward
1 - 0% - 60%
2 - 0% - 40%
PK3 Defense
1 - 0% - 60%
2 - 0% - 40%
44 Forward
1 - 0% - 60%
2 - 0% - 40%
44 Defense
1 - 0% - 60%
2 - 0% - 40%
Last Minute Offensive  - 0:00
Last Minute Defensive  - 0:00
Total
Forward - 60:00
Defense - 60:00

Play-by-Play

1st period


0:01 of 1st period - Nicklas Backstrom wins face-off versus Henrik Sedin in neutral zone.
0:36 of 1st period - Snap shot by Pierre-Marc Bouchard.
0:36 of 1st period - Shot Misses the Net.
1:11 of 1st period - Wrist shot by Brandon Yip.
1:11 of 1st period - Shot Misses the Net.
1:17 of 1st period - Wrist shot by Linus Omark.
1:17 of 1st period - Shot Misses the Net.
1:27 of 1st period - Wrist shot by Travis Zajac.
1:27 of 1st period - Deflect By Ted Purcell.
1:27 of 1st period - Shot Misses the Net.
1:27 of 1st period - Puck is out of play.
1:28 of 1st period - Travis Zajac wins face-off versus Henrik Sedin in Bruins zone.
1:29 of 1st period - Snap shot by Sergei Shirokov.
1:29 of 1st period - Shot Misses the Net.
1:31 of 1st period - Snap shot by Travis Zajac.
1:31 of 1st period - Shot Blocked by Wojtek Wolski.
1:35 of 1st period - Snap shot by Sergei Shirokov.
1:35 of 1st period - Shot Blocked by Wojtek Wolski.
1:37 of 1st period - Snap shot by Cody Ceci.
1:37 of 1st period - Goal by Cody Ceci - Blues : 1 - Bruins : 0.
1:38 of 1st period - Pierre-Marc Bouchard wins face-off versus Nicklas Backstrom in neutral zone.
1:40 of 1st period - Minor Penalty to Nathan Horton for Tripping.
1:41 of 1st period - Nicklas Backstrom wins face-off versus Henrik Sedin in Bruins zone.
1:41 of 1st period - Slapshot by Kyle Okposo.
1:41 of 1st period - Goal by Kyle Okposo - Blues : 2 - Bruins : 0.
1:42 of 1st period - Henrik Sedin wins face-off versus Nicklas Backstrom in neutral zone.
1:50 of 1st period - Backhand shot by Wojtek Wolski.
1:50 of 1st period - Stopped by Carey Price with a rebound.
2:21 of 1st period - Slapshot by Nick Leddy.
2:21 of 1st period - Stopped by Kevin Poulin without a rebound.
2:22 of 1st period - Pierre-Marc Bouchard wins face-off versus Logan Couture in Bruins zone.
2:27 of 1st period - Patrick Kaleta is hit by Kevin Bieksa and loses puck.
2:54 of 1st period - Snap shot by Wojtek Wolski.
2:54 of 1st period - Stopped by Carey Price with a rebound.
2:56 of 1st period - Wrist shot by Victor Oreskovich.
2:56 of 1st period - Shot Misses the Net.
3:49 of 1st period - Off-side.
3:50 of 1st period - Pierre-Marc Bouchard wins face-off versus Filip Forsberg in neutral zone.
4:23 of 1st period - Slapshot by Kyle Okposo.
4:23 of 1st period - Shot Misses the Net.
4:45 of 1st period - Minor Penalty to Viktor Stalberg for Elbowing.
4:46 of 1st period - Nicklas Backstrom wins face-off versus Henrik Sedin in Bruins zone.
4:46 of 1st period - Slapshot by Alex Pietrangelo.
4:46 of 1st period - Stopped by Kevin Poulin without a rebound.
4:47 of 1st period - Nicklas Backstrom wins face-off versus Henrik Sedin in Bruins zone.
6:23 of 1st period - Nicklas Backstrom is hit by Nathan Horton and loses puck.
6:45 of 1st period - Penalty to Viktor Stalberg is over, Viktor Stalberg is back on ice.
6:58 of 1st period - Snap shot by Nathan Horton.
6:58 of 1st period - Shot Blocked by Maxim Lapierre.
8:12 of 1st period - Snap shot by Victor Oreskovich.
8:12 of 1st period - Shot Misses the Net.
8:34 of 1st period - Kyle Okposo is hit by Henrik Sedin and loses puck.
8:43 of 1st period - Wojtek Wolski is hit by Sergei Shirokov and loses puck.
9:02 of 1st period - T.J Galiardi is hit by Maxim Lapierre and loses puck.
9:25 of 1st period - Viktor Stalberg is hit by Ted Purcell and loses puck.
9:49 of 1st period - Icing by Nathan Horton.
9:50 of 1st period - Pierre-Marc Bouchard wins face-off versus Brandon Yip in Bruins zone.
10:03 of 1st period - Slapshot by Brandon Yip.
10:03 of 1st period - Goal by Brandon Yip - Blues : 3 - Bruins : 0.
10:04 of 1st period - Henrik Sedin wins face-off versus Nicklas Backstrom in neutral zone.
10:11 of 1st period - Alex Pietrangelo is hit by Henrik Sedin and loses puck.
10:55 of 1st period - Jake Gardiner is hit by Torey Krug and loses puck.
11:21 of 1st period - David Perron is hit by Wojtek Wolski and loses puck.
11:42 of 1st period - Jason Demers is hit by Ted Purcell.
12:26 of 1st period - Snap shot by Nicklas Backstrom.
12:26 of 1st period - Deflect By Henrik Sedin.
12:26 of 1st period - Shot Misses the Net.
12:26 of 1st period - Puck is out of play.
12:27 of 1st period - Wojtek Wolski wins face-off versus Nicklas Backstrom in Bruins zone.
12:36 of 1st period - Wrist shot by Wojtek Wolski.
12:36 of 1st period - Stopped by Carey Price without a rebound.
12:37 of 1st period - Nicklas Backstrom wins face-off versus Henrik Sedin in Blues zone.
13:28 of 1st period - Slapshot by Alex Pietrangelo.
13:28 of 1st period - Shot Blocked by Shane O'Brien.
13:55 of 1st period - Icing by Shane O'Brien.
13:56 of 1st period - Henrik Sedin wins face-off versus Kyle Okposo in Bruins zone.
14:07 of 1st period - Torey Krug is hit by David Perron and loses puck.
14:16 of 1st period - Wrist shot by Wojtek Wolski.
14:16 of 1st period - Stopped by Carey Price with a rebound.
14:22 of 1st period - Henrik Sedin is hit by Nick Leddy and loses puck.
14:30 of 1st period - Wrist shot by Ted Purcell.
14:30 of 1st period - Shot Misses the Net.
15:46 of 1st period - Wrist shot by Patrick Kaleta.
15:46 of 1st period - Stopped by Kevin Poulin with a rebound.
15:54 of 1st period - Snap shot by Casey Cizikas.
15:54 of 1st period - Stopped by Carey Price with a rebound.
15:58 of 1st period - Slapshot by Casey Cizikas.
15:58 of 1st period - Stopped by Carey Price with a rebound.
16:00 of 1st period - Slapshot by Jason Demers.
16:00 of 1st period - Deflect By Nikolai Zherdev.
16:00 of 1st period - Stopped by Carey Price with a rebound.
16:02 of 1st period - Snap shot by Brendan Smith.
16:02 of 1st period - Shot Misses the Net.
16:04 of 1st period - Slapshot by Jason Demers.
16:04 of 1st period - Shot Blocked by Logan Couture.
16:13 of 1st period - Minor Penalty to Logan Couture for Hooking.
16:14 of 1st period - Nicklas Backstrom wins face-off versus Henrik Sedin in Blues zone.
16:28 of 1st period - Alex Pietrangelo is hit by Henrik Sedin and loses puck.
16:53 of 1st period - Yann Sauvé is hit by T.J Galiardi.
18:13 of 1st period - Penalty to Logan Couture is over, Logan Couture is back on ice.
Goals for this period are 3 for Blues vs 0 for Bruins.
Shots for this period are 6 for Blues vs 7 for Bruins.

2nd period


0:01 of 2nd period - Henrik Sedin wins face-off versus Nicklas Backstrom in neutral zone.
0:15 of 2nd period - Wrist shot by David Perron.
0:15 of 2nd period - Stopped by Kevin Poulin with a rebound.
0:17 of 2nd period - Snap shot by Nicklas Backstrom.
0:17 of 2nd period - Deflect By Kyle Okposo.
0:17 of 2nd period - Stopped by Kevin Poulin with a rebound.
0:59 of 2nd period - Wrist shot by Filip Forsberg.
0:59 of 2nd period - Stopped by Kevin Poulin without a rebound.
1:00 of 2nd period - Nicklas Backstrom wins face-off versus Henrik Sedin in Bruins zone.
1:09 of 2nd period - Wrist shot by David Perron.
1:09 of 2nd period - Stopped by Kevin Poulin with a rebound.
1:23 of 2nd period - Minor Penalty to Andrew Alberts for Hooking.
1:24 of 2nd period - Nicklas Backstrom wins face-off versus Henrik Sedin in Bruins zone.
1:29 of 2nd period - Slapshot by Alex Pietrangelo.
1:29 of 2nd period - Stopped by Kevin Poulin without a rebound.
1:30 of 2nd period - Henrik Sedin wins face-off versus Nicklas Backstrom in Bruins zone.
1:39 of 2nd period - Nicklas Backstrom is hit by Henrik Sedin and loses puck.
2:37 of 2nd period - Slapshot by Torey Krug.
2:37 of 2nd period - Shot Blocked by Bryce Lampman.
3:23 of 2nd period - Penalty to Andrew Alberts is over, Andrew Alberts is back on ice.
3:28 of 2nd period - Off-side.
3:29 of 2nd period - Pierre-Marc Bouchard wins face-off versus Maxim Lapierre in neutral zone.
3:38 of 2nd period - Snap shot by Kevin Bieksa.
3:38 of 2nd period - Stopped by Carey Price with a rebound.
3:54 of 2nd period - Nick Leddy is hit by Rene Bourque.
4:13 of 2nd period - Icing by Ted Purcell.
4:14 of 2nd period - Travis Zajac wins face-off versus Henrik Sedin in Blues zone.
4:29 of 2nd period - Snap shot by Nicklas Backstrom.
4:29 of 2nd period - Shot Blocked by Wojtek Wolski.
4:31 of 2nd period - Wrist shot by David Perron.
4:31 of 2nd period - Shot Blocked by Henrik Sedin.
5:06 of 2nd period - Dave Bolland is hit by Yann Sauvé and loses puck.
5:35 of 2nd period - Wrist shot by Casey Cizikas.
5:35 of 2nd period - Shot Misses the Net.
5:55 of 2nd period - Backhand shot by Victor Oreskovich.
5:55 of 2nd period - Stopped by Carey Price without a rebound.
5:56 of 2nd period - Travis Zajac wins face-off versus Pierre-Marc Bouchard in Blues zone.
6:35 of 2nd period - Slapshot by Henrik Sedin.
6:35 of 2nd period - Stopped by Carey Price with a rebound.
6:53 of 2nd period - Snap shot by Patrick Kaleta.
6:53 of 2nd period - Shot Blocked by Brendan Smith.
7:13 of 2nd period - Snap shot by Alex Pietrangelo.
7:13 of 2nd period - Shot Blocked by Brendan Smith.
8:46 of 2nd period - Andrew Alberts is hit by David Perron and loses puck.
8:51 of 2nd period - Wrist shot by Nicklas Backstrom.
8:51 of 2nd period - Stopped by Kevin Poulin without a rebound.
8:52 of 2nd period - Victor Oreskovich wins face-off versus Nicklas Backstrom in Bruins zone.
9:14 of 2nd period - Minor Penalty to Sergei Shirokov for Goalie Interference.
9:15 of 2nd period - Henrik Sedin wins face-off versus Logan Couture in Blues zone.
9:51 of 2nd period - Snap shot by Pierre-Marc Bouchard.
9:51 of 2nd period - Shot Misses the Net.
10:19 of 2nd period - Henrik Sedin is hit by Logan Couture and loses puck.
11:14 of 2nd period - Penalty to Sergei Shirokov is over, Sergei Shirokov is back on ice.
11:19 of 2nd period - Wrist shot by Linus Omark.
11:19 of 2nd period - Stopped by Kevin Poulin with a rebound.
11:21 of 2nd period - Snap shot by Maxim Lapierre.
11:21 of 2nd period - Shot Blocked by Kris Chucko.
11:23 of 2nd period - Wrist shot by Linus Omark.
11:23 of 2nd period - Shot Misses the Net.
11:31 of 2nd period - Maxim Lapierre is hit by Torey Krug and loses puck.
11:42 of 2nd period - Nick Leddy is hit by Dave Bolland.
11:55 of 2nd period - Wojtek Wolski is hit by Maxim Lapierre and loses puck.
12:13 of 2nd period - Snap shot by Linus Omark.
12:13 of 2nd period - Stopped by Kevin Poulin with a rebound.
12:25 of 2nd period - Wrist shot by Wojtek Wolski.
12:25 of 2nd period - Deflect By Rene Bourque.
12:25 of 2nd period - Shot Misses the Net.
12:25 of 2nd period - Puck is out of play.
12:26 of 2nd period - Pierre-Marc Bouchard wins face-off versus Nicklas Backstrom in Blues zone.
12:27 of 2nd period - Snap shot by T.J Galiardi.
12:27 of 2nd period - Stopped by Carey Price with a rebound.
12:29 of 2nd period - Slapshot by Jason Demers.
12:29 of 2nd period - Shot Misses the Net.
12:41 of 2nd period - Wrist shot by Pierre-Marc Bouchard.
12:41 of 2nd period - Deflect By T.J Galiardi.
12:41 of 2nd period - Stopped by Carey Price without a rebound.
12:42 of 2nd period - Henrik Sedin wins face-off versus Travis Zajac in Blues zone.
12:43 of 2nd period - Wrist shot by Wojtek Wolski.
12:43 of 2nd period - Shot Misses the Net.
12:59 of 2nd period - Slapshot by Alex Pietrangelo.
12:59 of 2nd period - Shot Blocked by Torey Krug.
13:39 of 2nd period - Snap shot by Patrick Kaleta.
13:39 of 2nd period - Stopped by Kevin Poulin without a rebound.
13:40 of 2nd period - Henrik Sedin wins face-off versus Nicklas Backstrom in Bruins zone.
14:33 of 2nd period - Snap shot by Linus Omark.
14:33 of 2nd period - Stopped by Kevin Poulin with a rebound.
14:35 of 2nd period - Wrist shot by Maxim Lapierre.
14:35 of 2nd period - Shot Blocked by Brendan Smith.
14:51 of 2nd period - Off-side.
14:52 of 2nd period - Travis Zajac wins face-off versus Pierre-Marc Bouchard in neutral zone.
14:59 of 2nd period - Snap shot by Ted Purcell.
14:59 of 2nd period - Shot Blocked by Shane O'Brien.
15:01 of 2nd period - Slapshot by Jake Gardiner.
15:01 of 2nd period - Deflect By Travis Zajac.
15:01 of 2nd period - Stopped by Kevin Poulin without a rebound.
15:02 of 2nd period - Nicklas Backstrom wins face-off versus Pierre-Marc Bouchard in Bruins zone.
15:09 of 2nd period - Slapshot by Torey Krug.
15:09 of 2nd period - Stopped by Carey Price without a rebound.
15:10 of 2nd period - Nicklas Backstrom wins face-off versus Pierre-Marc Bouchard in Blues zone.
16:05 of 2nd period - Slapshot by Pierre-Marc Bouchard.
16:05 of 2nd period - Stopped by Carey Price without a rebound.
16:06 of 2nd period - Travis Zajac wins face-off versus Henrik Sedin in Blues zone.
16:06 of 2nd period - Travis Zajac is hit by Wojtek Wolski.
16:18 of 2nd period - Slapshot by Alex Pietrangelo.
16:18 of 2nd period - Shot Blocked by Victor Oreskovich.
16:28 of 2nd period - Minor Penalty to Wojtek Wolski for Slashing.
16:29 of 2nd period - Henrik Sedin wins face-off versus Travis Zajac in Bruins zone.
16:38 of 2nd period - Slapshot by Alex Pietrangelo.
16:38 of 2nd period - Stopped by Kevin Poulin with a rebound.
16:40 of 2nd period - Slapshot by Sergei Shirokov.
16:40 of 2nd period - Shot Blocked by Henrik Sedin.
16:42 of 2nd period - Slapshot by Alex Pietrangelo.
16:42 of 2nd period - Goal by Alex Pietrangelo - Blues : 4 - Bruins : 0.
16:42 of 2nd period - Craig Anderson enters game.
16:43 of 2nd period - Henrik Sedin wins face-off versus Nicklas Backstrom in neutral zone.
17:02 of 2nd period - Icing by Kyle Okposo.
17:03 of 2nd period - Nicklas Backstrom wins face-off versus Pierre-Marc Bouchard in Blues zone.
17:32 of 2nd period - Slapshot by Alex Pietrangelo.
17:32 of 2nd period - Shot Blocked by Shane O'Brien.
17:34 of 2nd period - Slapshot by Alex Pietrangelo.
17:34 of 2nd period - Deflect By Travis Zajac.
17:34 of 2nd period - Shot Misses the Net.
17:34 of 2nd period - Puck is out of play.
17:35 of 2nd period - Henrik Sedin wins face-off versus Travis Zajac in Bruins zone.
17:56 of 2nd period - Wrist shot by Ted Purcell.
17:56 of 2nd period - Shot Blocked by Brendan Smith.
17:58 of 2nd period - Slapshot by Yann Sauvé.
17:58 of 2nd period - Shot Blocked by Brendan Smith.
18:04 of 2nd period - Snap shot by Ted Purcell.
18:04 of 2nd period - Stopped by Craig Anderson with a rebound.
18:06 of 2nd period - Wrist shot by Travis Zajac.
18:06 of 2nd period - Shot Misses the Net.
18:08 of 2nd period - Snap shot by Sergei Shirokov.
18:08 of 2nd period - Shot Misses the Net.
18:10 of 2nd period - Wrist shot by Sergei Shirokov.
18:10 of 2nd period - Shot Blocked by Jason Demers.
18:12 of 2nd period - Snap shot by Ted Purcell.
18:12 of 2nd period - Deflect By Travis Zajac.
18:12 of 2nd period - Shot Misses the Net.
18:12 of 2nd period - Puck is out of play.
18:13 of 2nd period - Pierre-Marc Bouchard wins face-off versus Kyle Okposo in Bruins zone.
18:13 of 2nd period - Pierre-Marc Bouchard is hit by Nicklas Backstrom.
18:23 of 2nd period - Snap shot by David Perron.
18:23 of 2nd period - Shot Blocked by Torey Krug.
18:35 of 2nd period - Minor Penalty to David Perron for Tripping.
18:36 of 2nd period - Henrik Sedin wins face-off versus Logan Couture in Blues zone.
18:37 of 2nd period - Snap shot by Nathan Horton.
18:37 of 2nd period - Stopped by Carey Price with a rebound.
18:39 of 2nd period - Slapshot by Brendan Smith.
18:39 of 2nd period - Shot Blocked by Alex Pietrangelo.
18:49 of 2nd period - Wrist shot by T.J Galiardi.
18:49 of 2nd period - Goal by T.J Galiardi - Blues : 4 - Bruins : 1.
18:50 of 2nd period - Henrik Sedin wins face-off versus Nicklas Backstrom in neutral zone.
19:19 of 2nd period - Slapshot by Alex Pietrangelo.
19:19 of 2nd period - Stopped by Craig Anderson with a rebound.
19:25 of 2nd period - Snap shot by T.J Galiardi.
19:25 of 2nd period - Shot Misses the Net.
19:27 of 2nd period - Slapshot by Brendan Smith.
19:27 of 2nd period - Stopped by Carey Price without a rebound.
19:28 of 2nd period - Travis Zajac wins face-off versus Dave Bolland in Blues zone.
19:43 of 2nd period - Snap shot by Travis Zajac.
19:43 of 2nd period - Stopped by Craig Anderson without a rebound.
19:44 of 2nd period - Nicklas Backstrom wins face-off versus Henrik Sedin in Bruins zone.
Goals for this period are 1 for Blues vs 1 for Bruins.
Shots for this period are 16 for Blues vs 10 for Bruins.

3rd period


0:01 of 3rd period - Nicklas Backstrom wins face-off versus Victor Oreskovich in neutral zone.
0:03 of 3rd period - Minor Penalty to Nicklas Backstrom for Hooking.
0:04 of 3rd period - Logan Couture wins face-off versus Henrik Sedin in Blues zone.
0:41 of 3rd period - Wrist shot by Travis Zajac.
0:41 of 3rd period - Shot Blocked by Kevin Bieksa.
0:43 of 3rd period - Wrist shot by Travis Zajac.
0:43 of 3rd period - Shot Blocked by Brendan Smith.
1:23 of 3rd period - Torey Krug is hit by Maxim Lapierre and loses puck.
1:51 of 3rd period - David Perron is hit by Victor Oreskovich.
2:03 of 3rd period - Penalty to Nicklas Backstrom is over, Nicklas Backstrom is back on ice.
2:47 of 3rd period - Victor Oreskovich is hit by Travis Zajac and loses puck.
3:18 of 3rd period - Victor Oreskovich is hit by Brandon Yip and loses puck.
3:47 of 3rd period - Casey Cizikas is hit by Kyle Okposo and loses puck.
4:47 of 3rd period - David Perron is hit by Rene Bourque and loses puck.
4:58 of 3rd period - Nathan Horton is hit by Patrick Kaleta and loses puck.
5:10 of 3rd period - Icing by Logan Couture.
5:11 of 3rd period - Henrik Sedin wins face-off versus Logan Couture in Blues zone.
5:16 of 3rd period - Snap shot by Dave Bolland.
5:16 of 3rd period - Shot Misses the Net.
5:18 of 3rd period - Snap shot by Rene Bourque.
5:18 of 3rd period - Stopped by Carey Price with a rebound.
5:20 of 3rd period - Wrist shot by Rene Bourque.
5:20 of 3rd period - Stopped by Carey Price without a rebound.
5:21 of 3rd period - Nicklas Backstrom wins face-off versus Dave Bolland in Blues zone.
6:21 of 3rd period - Snap shot by David Perron.
6:21 of 3rd period - Goal by David Perron - Blues : 5 - Bruins : 1.
6:22 of 3rd period - Wojtek Wolski wins face-off versus Travis Zajac in neutral zone.
6:25 of 3rd period - Wrist shot by Jason Demers.
6:25 of 3rd period - Shot Blocked by Alex Pietrangelo.
6:37 of 3rd period - Snap shot by Sergei Shirokov.
6:37 of 3rd period - Stopped by Craig Anderson with a rebound.
6:39 of 3rd period - Slapshot by Alex Pietrangelo.
6:39 of 3rd period - Shot Blocked by Brendan Smith.
6:49 of 3rd period - Wrist shot by Logan Couture.
6:49 of 3rd period - Shot Blocked by Pierre-Marc Bouchard.
6:51 of 3rd period - Snap shot by Patrick Kaleta.
6:51 of 3rd period - Shot Misses the Net.
6:53 of 3rd period - Wrist shot by Patrick Kaleta.
6:53 of 3rd period - Deflect By Jason Demers.
6:53 of 3rd period - Shot Blocked by Brendan Smith.
6:53 of 3rd period - Puck is out of play.
6:54 of 3rd period - Nicklas Backstrom wins face-off versus Pierre-Marc Bouchard in Bruins zone.
6:55 of 3rd period - Backhand shot by David Perron.
6:55 of 3rd period - Stopped by Craig Anderson without a rebound.
6:56 of 3rd period - Nicklas Backstrom wins face-off versus Henrik Sedin in Bruins zone.
8:12 of 3rd period - Shane O'Brien is hit by Linus Omark and loses puck.
8:30 of 3rd period - Snap shot by Alex Pietrangelo.
8:30 of 3rd period - Stopped by Craig Anderson without a rebound.
8:31 of 3rd period - Henrik Sedin wins face-off versus Nicklas Backstrom in Bruins zone.
8:44 of 3rd period - Brendan Smith is hit by Yann Sauvé and loses puck.
9:00 of 3rd period - Yann Sauvé is hit by T.J Galiardi and loses puck.
9:23 of 3rd period - Slapshot by Nikolai Zherdev.
9:23 of 3rd period - Stopped by Carey Price without a rebound.
9:24 of 3rd period - Kris Chucko wins face-off versus Nicklas Backstrom in Blues zone.
9:35 of 3rd period - Slapshot by Alex Pietrangelo.
9:35 of 3rd period - Stopped by Craig Anderson without a rebound.
9:36 of 3rd period - Nicklas Backstrom wins face-off versus Henrik Sedin in Bruins zone.
10:17 of 3rd period - Alex Pietrangelo is hit by Shane O'Brien and loses puck.
10:20 of 3rd period - Slapshot by Travis Zajac.
10:20 of 3rd period - Stopped by Craig Anderson without a rebound.
10:21 of 3rd period - Viktor Stalberg wins face-off versus Travis Zajac in Bruins zone.
10:34 of 3rd period - Slapshot by Dave Bolland.
10:34 of 3rd period - Stopped by Carey Price with a rebound.
10:36 of 3rd period - Wrist shot by Viktor Stalberg.
10:36 of 3rd period - Shot Misses the Net.
10:38 of 3rd period - Wrist shot by Viktor Stalberg.
10:38 of 3rd period - Goal by Viktor Stalberg - Blues : 5 - Bruins : 2.
10:39 of 3rd period - Nicklas Backstrom wins face-off versus Henrik Sedin in neutral zone.
10:41 of 3rd period - Minor Penalty to Kyle Okposo for Hooking.
10:42 of 3rd period - Henrik Sedin wins face-off versus Logan Couture in Blues zone.
10:42 of 3rd period - Wrist shot by Nathan Horton.
10:42 of 3rd period - Shot Misses the Net.
12:33 of 3rd period - Wrist shot by Nicklas Backstrom.
12:33 of 3rd period - Shot Misses the Net.
12:41 of 3rd period - Penalty to Kyle Okposo is over, Kyle Okposo is back on ice.
12:59 of 3rd period - Off-side.
13:00 of 3rd period - Travis Zajac wins face-off versus Dave Bolland in neutral zone.
13:12 of 3rd period - Snap shot by Viktor Stalberg.
13:12 of 3rd period - Stopped by Carey Price with a rebound.
13:33 of 3rd period - Wrist shot by Casey Cizikas.
13:33 of 3rd period - Shot Misses the Net.
14:06 of 3rd period - Wrist shot by Wojtek Wolski.
14:06 of 3rd period - Shot Misses the Net.
14:26 of 3rd period - Slapshot by Filip Forsberg.
14:26 of 3rd period - Shot Misses the Net.
14:34 of 3rd period - Snap shot by Patrick Kaleta.
14:34 of 3rd period - Stopped by Craig Anderson without a rebound.
14:35 of 3rd period - Nicklas Backstrom wins face-off versus Pierre-Marc Bouchard in Bruins zone.
14:38 of 3rd period - Slapshot by Nicklas Backstrom.
14:38 of 3rd period - Shot Blocked by Brendan Smith.
14:50 of 3rd period - Snap shot by Pierre-Marc Bouchard.
14:50 of 3rd period - Shot Misses the Net.
15:00 of 3rd period - Brendan Smith is hit by Sergei Shirokov and loses puck.
16:30 of 3rd period - Slapshot by Jake Gardiner.
16:30 of 3rd period - Stopped by Craig Anderson with a rebound.
16:32 of 3rd period - Minor Penalty to Victor Oreskovich for Hooking.
16:33 of 3rd period - Wojtek Wolski wins face-off versus Nicklas Backstrom in Bruins zone.
18:00 of 3rd period - Snap shot by Rene Bourque.
18:00 of 3rd period - Stopped by Carey Price without a rebound.
18:01 of 3rd period - Travis Zajac wins face-off versus Rene Bourque in Blues zone.
18:32 of 3rd period - Penalty to Victor Oreskovich is over, Victor Oreskovich is back on ice.
18:39 of 3rd period - Snap shot by Patrick Kaleta.
18:39 of 3rd period - Shot Blocked by Andrew Alberts.
18:41 of 3rd period - Wrist shot by Filip Forsberg.
18:41 of 3rd period - Shot Misses the Net.
18:50 of 3rd period - Off-side.
18:51 of 3rd period - Nathan Horton wins face-off versus Travis Zajac in neutral zone.
19:00 of 3rd period - Wrist shot by Pierre-Marc Bouchard.
19:00 of 3rd period - Shot Blocked by Cody Ceci.
19:02 of 3rd period - Wrist shot by Pierre-Marc Bouchard.
19:02 of 3rd period - Stopped by Carey Price with a rebound.
19:04 of 3rd period - Slapshot by T.J Galiardi.
19:04 of 3rd period - Stopped by Carey Price without a rebound.
19:05 of 3rd period - Nicklas Backstrom wins face-off versus Pierre-Marc Bouchard in Blues zone.
19:16 of 3rd period - Snap shot by David Perron.
19:16 of 3rd period - Shot Misses the Net.
19:44 of 3rd period - Slapshot by Alex Pietrangelo.
19:44 of 3rd period - Stopped by Craig Anderson without a rebound.
19:45 of 3rd period - Henrik Sedin wins face-off versus Logan Couture in Bruins zone.
19:52 of 3rd period - Slapshot by Victor Oreskovich.
19:52 of 3rd period - Stopped by Carey Price without a rebound.
19:53 of 3rd period - Henrik Sedin wins face-off versus Logan Couture in Blues zone.
Goals for this period are 1 for Blues vs 1 for Bruins.
Shots for this period are 9 for Blues vs 10 for Bruins.